 Dungeon Crawl Stone Soup version 0.17.0-28-g6e173f8 (webtiles) character file.

25 Raultor the Digger (level 3, -1/23 HPs)
             Began as an Octopode Earth Elementalist on Nov 22, 2015.
             Slain by a goblin
             ... wielding a +0 spear
              (4 damage)
             ... on level 2 of the Dungeon.
             The game lasted 00:03:10 (947 turns).

Raultor the Digger (Octopode Earth Elementalist)     Turns: 947, Time: 00:03:11

Health: -1/23      AC:  1    Str:  7    XL:     3   Next: 4%
Magic:  3/6        EV: 12    Int: 18    God:
Gold:   34         SH:  0    Dex: 12    Spells: 2 memorised, 3 levels left

rFire  . . .     SeeInvis .     (no weapon)
rCold  . . .     Clarity  .     (no shield)
rNeg   . . .     SustAt   .     (helmet restricted)
rPois  .         Gourm    .     j - amulet of rage
rElec  .         Spirit   .     h - ring of invisibility
rCorr  .         Warding  .     (no ring)
rMut   .         Stasis   .     (no ring)
MR     .....                    (no ring)
Stlth  +++.......               (no ring)
                                (no ring)
                                (no ring)
                                (no ring)

@: not resistant to hostile enchantments, fairly stealthy
A: almost no armour, amphibious, 8 rings, constrict 8, camouflage 1, gelatinous
body 1
a: Evoke Berserk Rage, Evoke Invisibility


You were on level 2 of the Dungeon.
You were not hungry.

You visited 1 branch of the dungeon, and saw 2 of its levels.

You collected 34 gold pieces.

Inventory:

Missiles
 a - 36 stones (quivered)
Jewellery
 h - a ring of invisibility (left tentacle)
 j - an amulet of rage (around mantle)
Scrolls
 d - 3 scrolls of identify {unknown}
Potions
 e - a potion of heal wounds {unknown}
 i - a potion of brilliance {unknown}
Books
 b - a book of Geomancy

   Spells                             Type                      Level
   a - Sandblast                      Earth                        1
   b - Stoneskin                      Transmutation/Earth          2
   c - Passwall                       Transmutation/Earth          3
   d - Stone Arrow                    Conjuration/Earth            3
   e - Petrify                        Transmutation/Earth          4
   f - Lee's Rapid Deconstruction     Earth                        5
Comestibles
 c - a bread ration
 f - 9 fruits
 g - a meat ration
 k - a chunk of flesh


   Skills:
 * Level 1.0 Fighting
 - Level 2.0 Dodging
 - Level 2.6 Stealth
 - Level 2.0 Spellcasting
 + Level 1.0 Transmutations
 * Level 3.9 Earth Magic


You had 3 spell levels left.
You knew the following spells:

 Your Spells              Type           Power        Failure   Level  Hunger
a - Sandblast             Erth           ###...       4%          1    #......
b - Stoneskin             Trmt/Erth      ##......     12%         2    ###....


Dungeon Overview and Level Annotations

Branches:
Dungeon (2/15)

Altars:

Annotations:
D:2 Ijyb


Innate Abilities, Weirdness & Mutations

You cannot wear most types of armour.
You are amphibious.
You can wear up to eight rings at the same time.
You can use your tentacles to constrict eight enemies at once.
Your skin changes colour to match your surroundings (Stealth).
Your rubbery body absorbs attacks (AC +1).


Message History

Your squeeze misses the goblin.
The goblin is moderately wounded.
The goblin misses you. The goblin barely misses you.
You barely miss the goblin. You grab the goblin.
The goblin is moderately wounded.
You constrict the goblin. The goblin hits you with a club.
The goblin hits you but does no damage.
You tentacle-slap the goblin.
The goblin is almost dead.
You constrict the goblin, but do no damage.
The goblin hits you but does no damage.
The goblin hits you from afar with a spear.
You barely miss the goblin.
The goblin is almost dead.
You constrict the goblin.
You kill the goblin!
The goblin hits you from afar with a spear.
* * * LOW HITPOINT WARNING * * *
The goblin hits you with a spear.
You die...

#.......###.##.#.#.#
## #.......#
#......# #
#.......#.####.###
#.......#........#
#.......#.####.#)#
........#...gg.#.#
#####.........##g#
#.#.......##g#
#8g....8##@#
#.......##.#
#8.....8##)#
#.......##.#
#8.....8##.#
#.g....g##.# #.# ...
###


You could see 2 goblins.

Vanquished Creatures
  An adder (D:2)
  7 goblins
  A hobgoblin (D:1)
  2 kobolds (D:1)
  A ball python (D:1)
  A bat (D:1)
  2 rats
15 creatures vanquished.

Notes
Turn   | Place    | Note
--------------------------------------------------------------
     0 | D:1      | Raultor the Octopode Earth Elementalist began the quest for the Orb.
     0 | D:1      | Reached XP level 1. HP: 11/11 MP: 3/3
   476 | D:1      | Reached XP level 2. HP: 18/18 MP: 3/5
   854 | D:2      | Learned a level 2 spell: Stoneskin
   888 | D:2      | Reached skill level 1 in Fighting
   915 | D:2      | Reached XP level 3. HP: 21/23 MP: 0/6
   936 | D:2      | Noticed Ijyb
   947 | D:2      | Slain by a goblin

Action                   || total
-------------------------++-------
Melee: Unarmed           ||    24
 Cast: Sandblast         ||     8
       Stoneskin         ||     1
 Stab: Sleeping          ||     6
